 Dungeon Crawl Stone Soup version 0.30-a0-297-g0ec75d9ef4 (webtiles) character file.

Game seed: 6927274283507918781

196 NinjaNoafa the Ducker (level 5, -1/43 HPs)
             Began as a Gnoll Gladiator on Oct 19, 2022.
             Was a Follower of Uskayaw.
             Slain by an orc warrior
             ... wielding a +0 scimitar
              (16 damage)
             ... on level 4 of the Dungeon.
             The game lasted 00:04:48 (2477 turns).

NinjaNoafa the Ducker (Gnoll Gladiator)             Turns: 2477, Time: 00:04:49

Health: -1/43      AC:  5    Str: 14    XL:     5   Next: 74%
Magic:  7/7        EV: 14    Int:  7    God:    Uskayaw [*.....]
Gold:   114        SH:  0    Dex: 15    Spells: 7/7 levels left

rFire   . . .      SeeInvis .    a - +0 rapier (protect)
rCold   . . .      Faith    .    (no shield)
rNeg    + . .      Spirit   .    b - +0 leather armour
rPois   .          Reflect  .    c - +1 helmet
rElec   .          Harm     .    (no cloak)
rCorr   .          Rampage  .    (no gloves)
Will    .....                    (no boots)
Stlth   ++........               (no amulet)
HPRegen 0.27/turn                f - ring of positive energy
MPRegen 0.10/turn                (no ring)

@: about to teleport, weak-willed
A: fangs 1, strong nose, distributed training
a: Renounce Religion, Stomp


You were on level 4 of the Dungeon.
You worshipped Uskayaw.
Uskayaw was noncommittal.
You visited 1 branch of the dungeon, and saw 4 of its levels.

You collected 138 gold pieces.
You spent 24 gold pieces at shops.

Inventory:

Hand Weapons
 a - a +0 rapier of protection (weapon)
Missiles
 d - 3 throwing nets
 h - a javelin (quivered)
 m - 40 stones
 o - 11 poisoned darts
Armour
 b - a +0 leather armour (worn)
 c - a +1 helmet (worn)
Jewellery
 f - a ring of positive energy (left hand)
Scrolls
 e - a scroll of acquirement
 g - a scroll of immolation {unknown}
 i - a scroll of fog {unknown}
 j - a scroll of enchant armour
 p - a scroll of vulnerability
 s - 2 scrolls of amnesia
 t - a scroll of silence {unknown}
 u - a scroll of poison {unknown}
Potions
 l - a potion of mutation
 n - a potion of heal wounds
 q - 3 potions of curing
 r - a potion of cancellation


   Skills:
 + Level 4.9 Fighting
 + Level 6.7 Short Blades
 + Level 1.7 Long Blades
 + Level 1.7 Axes
 + Level 1.7 Maces & Flails
 + Level 1.7 Polearms
 + Level 1.7 Staves
 + Level 1.7 Ranged Weapons
 + Level 4.9 Throwing
 + Level 1.7 Armour
 + Level 6.7 Dodging
 + Level 1.7 Stealth
 + Level 1.7 Shields
 + Level 1.7 Unarmed Combat
 + Level 1.7 Spellcasting
 + Level 1.3 Conjurations
 + Level 1.3 Hexes
 + Level 1.3 Summonings
 + Level 1.3 Necromancy
 + Level 1.3 Translocations
 + Level 1.3 Transmutations
 + Level 1.3 Fire Magic
 + Level 1.3 Ice Magic
 + Level 1.3 Air Magic
 + Level 1.3 Earth Magic
 + Level 1.3 Poison Magic
 + Level 1.9 Invocations
 + Level 1.7 Evocations


You had 7 spell levels left.
You didn't know any spells.
Your spell library contained the following spells:

 Spells                   Type           Power      Damage    Failure   Level
 Ignite Poison            Fire/Tmut/Pois 2%         N/A       63%         3
 Kindle Blastsparks       Fire/Tloc/Air  4%         2d10      63%         3
 Summon Ice Beast         Ice/Summ       2%         N/A       95%         4
 Fireball                 Conj/Fire      1%         3d3       100%        5
 Freezing Cloud           Conj/Ice/Air   1%         6-21      100%        5
 Iskenderun's Battlesphe  Conj           2%         2d6       100%        5
 Summon Mana Viper        Hex/Summ       2%         N/A       100%        5
 Conjure Ball Lightning   Conj/Air       1%         3x3d6     100%        6
 Monstrous Menagerie      Summ           1%         N/A       100%        7
 Orb of Destruction       Conj           1%         9d5       100%        7


Dungeon Overview and Level Annotations

Branches:
Dungeon (4/15)
 Temple: D:4-7

Altars:
Hepliaklqana
Trog
Uskayaw

Shops:
D:4 ?


Innate Abilities, Weirdness & Mutations

You have very sharp teeth.
Your uncanny sense of smell can sniff out nearby items.
Your experience applies equally to all skills.


Message History

You see here a fizzy yellow potion.
f - a ring of positive energy (left hand)
Found a bloodstained altar of Trog.
The orc warrior closely misses you.
You hit the orc warrior.
Your weapon exudes an aura of protection.
The orc warrior is lightly wounded.
The orc warrior hits you but does no damage.
You hit the orc warrior.
You bite the orc warrior, but do no damage.
The orc warrior is moderately wounded.
The orc warrior hits you with a +0 scimitar!
It was a potion of magic.
Magic courses through your body.
The orc warrior hits you with a +0 scimitar!
You hit the orc warrior but do no damage.
The orc warrior is moderately wounded.
The orc warrior hits you with a +0 scimitar!
The orc warrior attacks as you move away!
The orc warrior hits you with a +0 scimitar.
* * * LOW HITPOINT WARNING * * *
As you read the scroll labelled TIZE GOOSEBBAF, it crumbles to dust.
It is a scroll of amnesia.
You feel forgetful for a moment. The orc warrior barely misses you.
This is a scroll of acquirement!
Something appears at your feet! The orc warrior barely misses you.
As you read the scroll labelled PUHEOJ ZYCO, it crumbles to dust.
Magic quickly surges around you.
It was a scroll of vulnerability.
The orc warrior hits you with a +0 scimitar.
* * * LOW HITPOINT WARNING * * *
As you read the scroll labelled UMOTUITEEJIE, it crumbles to dust.
It is a scroll of enchant armour.
Your +0 helmet glows green for a moment.
The orc warrior hits you with a +0 scimitar.
* * * LOW HITPOINT WARNING * * *
As you read the scroll labelled UDGHEA ZENI JUPS, it crumbles to dust.
You feel strangely unstable.
It was a scroll of teleportation.
The orc warrior barely misses you.
You feel much better.
The orc warrior hits you with a +0 scimitar!
You die...

.......... .........
......... ## ####
......... .. ._.#
........# .# #.).#
........### ∩#...#
..........# ∆ ##...#
.........## ##.o.#
........#######.@.##
............##...##
............#...##
......<......!..#
............#####
...########.# ...#
#.# ..####### #.#
......≈≈≈ ..#


You could see an orc warrior (weak-willed).

Vanquished Creatures
  A necrophage (D:4)
  6 adders
  2 worms (D:2)
  5 orcs
  6 endoplasms
  4 giant cockroaches
  8 hobgoblins
  3 jackals (D:4)
  2 kobolds
  6 quokkas
  8 ball pythons
  7 bats
  2 frilled lizards
  6 goblins
  3 rats
69 creatures vanquished.

Vanquished Creatures (others)
  5 fungi (D:3)
  2 plants (D:2)
7 creatures vanquished.

Grand Total: 76 creatures vanquished

Notes
Turn   | Place    | Note
-------+----------+-------------------------------------------
     0 | D:1      | NinjaNoafa the Gnoll Gladiator began the quest for the Orb.
     0 | D:1      | Reached XP level 1. HP: 20/20 MP: 1/1
   182 | D:1      | Reached XP level 2. HP: 26/26 MP: 2/2
   874 | D:2      | Reached XP level 3. HP: 31/31 MP: 3/3
   937 | D:2      | Reached skill level 1 in Invocations
   996 | D:2      | Reached skill level 1 in Long Blades
   996 | D:2      | Reached skill level 1 in Axes
   996 | D:2      | Reached skill level 1 in Maces & Flails
   996 | D:2      | Reached skill level 1 in Polearms
   996 | D:2      | Reached skill level 1 in Staves
   996 | D:2      | Reached skill level 1 in Ranged Weapons
   996 | D:2      | Reached skill level 1 in Armour
   996 | D:2      | Reached skill level 1 in Stealth
   996 | D:2      | Reached skill level 1 in Shields
   996 | D:2      | Reached skill level 1 in Unarmed Combat
   996 | D:2      | Reached skill level 1 in Spellcasting
   996 | D:2      | Reached skill level 1 in Evocations
  1011 | D:2      | Reached XP level 4. HP: 38/38 MP: 5/5
  1372 | D:3      | Found a hide-covered altar of Uskayaw.
  1446 | D:3      | Found a hazy altar of Hepliaklqana.
  1491 | D:3      | Became a worshipper of Uskayaw the Reveller
  1687 | D:3      | Reached skill level 1 in Conjurations
  1687 | D:3      | Reached skill level 1 in Hexes
  1687 | D:3      | Reached skill level 1 in Summonings
  1687 | D:3      | Reached skill level 1 in Necromancy
  1687 | D:3      | Reached skill level 1 in Translocations
  1687 | D:3      | Reached skill level 1 in Transmutations
  1687 | D:3      | Reached skill level 1 in Fire Magic
  1687 | D:3      | Reached skill level 1 in Ice Magic
  1687 | D:3      | Reached skill level 1 in Air Magic
  1687 | D:3      | Reached skill level 1 in Earth Magic
  1687 | D:3      | Reached skill level 1 in Poison Magic
  1716 | D:3      | Reached * piety under Uskayaw
  1985 | D:3      | Reached ** piety under Uskayaw
  2299 | D:4      | Noticed a necrophage
  2299 | D:4      | Found Okerphyext's Magic Scroll Boutique.
  2306 | D:4      | Reached XP level 5. HP: 41/43 MP: 7/7
  2334 | D:4      | Bought a scroll of identify for 24 gold pieces
  2363 | D:4      | Reached *** piety under Uskayaw
  2461 | D:4      | Noticed an orc warrior
  2463 | D:4      | Found a bloodstained altar of Trog.
  2473 | D:4      | Identified 2 scrolls of acquirement
  2473 | D:4      | Acquired the amulet "Gyuhurgh" {Regen+ Dex+5}
  2477 | D:4      | Slain by an orc warrior

Illustrated notes

Levels and vault maps discovered:
D:1:      tarquinn_simple_flora_water_e, layout_rooms, kennysheep_minor_cross,
          hex_large, minmay_misc_feat_encased, hangedman_decor_opposing
D:2:      cheibrodos_old_hovel, layout_rooms
D:3:      layout_loops_corners, mainiacjoe_overflow_boulevard,
          mainiacjoe_overflow_catwalk, nrook_mini_vaults
D:4:      layout_cave_pools, nzn_overflow_gifts_of_might_and_magic,
          general_overflow_altar, serial_shops, nicolae_shop_hallway_plus,
          shop_coins, shop, minmay_door_square, minmay_shop_grid_forest,
          corexii_corridor_pit, corner_web_ring, feat_on_display

Skill      XL: |  1  2  3  4 |
---------------+-------------+-----
Invocations    | 1 |  1.9
Long Blades    | 1 |  1.7
Axes           | 1 |  1.7
Maces & Flails | 1 |  1.7
Polearms       | 1 |  1.7
Staves         | 1 |  1.7
Ranged Weapons | 1 |  1.7
Armour         | 1 |  1.7
Stealth        | 1 |  1.7
Shields        | 1 |  1.7
Unarmed Combat | 1 |  1.7
Spellcasting   | 1 |  1.7
Evocations     | 1 |  1.7
Conjurations   | 1 |  1.3
Hexes          | 1 |  1.3
Summonings     | 1 |  1.3
Necromancy     | 1 |  1.3
Translocations | 1 |  1.3
Transmutations | 1 |  1.3
Fire Magic     | 1 |  1.3
Ice Magic      | 1 |  1.3
Air Magic      | 1 |  1.3
Earth Magic    | 1 |  1.3
Poison Magic   | 1 |  1.3
Fighting       | |  4.9
Short Blades   | |  6.7
Throwing       | |  4.9
Dodging        | |  6.7

Action                   |  1- 3 |  4- 6 || total
-------------------------+-------+-------++-------
Melee: Rapier            |   100 |   124 ||   224
       Bite              |     7 |    13 ||    20
       Punch             |       |     1 ||     1
Throw: Javelin           |     1 |     1 ||     2
  Use: Scroll            |       |    12 ||    12
       Potion            |       |     2 ||     2
 Stab: Sleeping          |     3 |     1 ||     4
       Paralysed         |       |     2 ||     2
Armor: Leather armour    |    26 |    47 ||    73
Dodge: Dodged            |    71 |   107 ||   178

Table legend: (Time is in decaauts)
 A = Elapsed time spent in this place.
 B = Non-inter-level travel time spent in this place.
 C = Inter-level travel time spent in this place.
 D = Time resting spent in this place.
 E = Time spent auto-exploring this place.
 F = Levels seen in this place.
 G = Mean time per level.
                   A        B        C        D        E       F      G
               +--------+--------+--------+--------+--------+-----+--------+
         Total |   2448 |   2265 |    183 |      0 |   1707 |   4 |  612.0 |
       Dungeon |   2448 |   2265 |    183 |      0 |   1707 |   4 |  612.0 |
               +--------+--------+--------+--------+--------+-----+--------+

Top non-repeatable levels by time:
     D:3: 926 daAuts
     D:1: 764 daAuts
     D:2: 586 daAuts
     D:4: 171 daAuts
